 Dungeon Crawl Stone Soup version 0.14-a0-1297-g3d87a2a (webtiles) character file.

190 July the Covered (level 5, -7/37 HPs)
             Began as a Formicid Fighter on Dec 4, 2013.
             Killed by divine providence
             ... invoked by an orc priest
              (13 damage)
             ... on Level 3 of the Dungeon.
             The game lasted 00:09:23 (2405 turns).

July the Covered (Formicid Fighter)                 Turns: 2405, Time: 00:09:23

HP  -7/37        AC  8     Str 21      XL: 5   Next: 23%
MP   5/5         EV  7     Int  7      God:
Gold 91          SH 19     Dex 11      Spells:  0 memorised,  4 levels left

rFire  . . .     SeeInvis +     j - +1 dwarf short sword
rCold  . . .     Clarity  .     b - +0 scale mail
rNeg   . . .     Conserve .     c - +0 shield
rPois  x         rCorr    .     (helmet unavailable)
rElec  .         rRot     .     (no cloak)
SustAb . .       Spirit   .     (no gloves)
rMut   .         Warding  .     (no boots)
Saprov . . .     Stasis   +     (no amulet)
                                (no ring)
                                (no ring)

@: slightly resistant to hostile enchantments, extremely unstealthy
A: permanent stasis, dig shafts and tunnels, four strong arms, poison weakness,
antennae 3, exoskeleton 1
a: Dig, Shaft Self


You were on level 3 of the Dungeon.
You were not hungry.

You visited 1 branch of the dungeon, and saw 3 of its levels.

You collected 91 gold pieces.

Inventory:

Hand weapons
 j - a +1,+1 dwarven short sword (weapon)
Missiles
 g - 20 stones (quivered)
Armour
 b - a +0 scale mail (worn)
 c - a +0 shield (worn)
Comestibles
 d - 5 bread rations
 f - a meat ration
 m - a lychee
 u - a choko
Scrolls
 a - a scroll of magic mapping {unknown}
 h - a scroll of fog {unknown}
 n - 3 scrolls of identify {unknown}
 o - a scroll of immolation {unknown}
 q - a scroll of blinking {unknown}
 r - 2 scrolls of remove curse {unknown}
 s - a scroll of enchant armour {unknown}
 t - a scroll of teleportation {unknown}
Jewellery
 i - an uncursed ring of fire
Potions
 e - 2 potions of curing
 k - 2 potions of restore abilities {unknown}
 l - a potion of might {unknown}
 p - a potion of flight {unknown}
 v - a potion of speed {unknown}
 w - a potion of lignification {unknown}


   Skills:
 - Level 3.0 Fighting
 - Level 2.1 Short Blades
 - Level 5.0 Armour
 * Level 4.4 Shields


You had 4 spell levels left.
You didn't know any spells.

Dungeon Overview and Level Annotations

Branches:
Dungeon (3/16)

Altars:
Elyvilon


Innate Abilities, Weirdness & Mutations

Your are under a permanent stasis effect.
You can dig through walls and to a lower floor.
Your four strong arms can wield any weapon, most with a shield.
You are susceptible to poison.
You have a pair of large antennae on your head (SInv).
Your body is surrounded by an exoskeleton. (HP +5, AC +1)


Message History

The orc hits you with an orcish hand axe.
The orc priest mumbles some strange prayers to Beogh against you.
You resist.
You hit the orc but do no damage.
The orc is lightly wounded.
The orc barely misses you.
You barely miss the orc priest. The orc hits you but does no damage.
The orc priest calls upon Beogh to heal the orc.
The orc's wounds heal themselves!
The orc priest calls down the wrath of Beogh upon you.
Something smites you!
* * * LOW HITPOINT WARNING * * *
You puncture the orc priest!
The orc priest is moderately wounded.
The orc hits you but does no damage. You block the orc priest's attack.
An orc priest comes into view.
The orc priest shouts!
The orc priest mumbles some strange prayers to Beogh against you.
Something smites you!
You die...

########################
#....?..................<
#.........<..######.#####
#..[.........# #.#
#.....oo@....# #.#
#....?.o.....# #.#
#............######.#####
..o......................
#.########.######.#####.#
# #%# #.# #.# #.# #.# #.#
#.# #.#


You could see 3 orc priests and an orc.

Vanquished Creatures
  4 adders
  A giant mite (D:3)
  A worm (D:2)
  2 giant geckos (D:1)
  7 bats
  2 giant cockroaches (D:1)
  4 goblins
  8 hobgoblins
  6 jackals
  3 ball pythons
  2 giant newts (D:1)
  2 kobolds (D:1)
  3 rats
45 creatures vanquished.

Notes
Turn   | Place    | Note
--------------------------------------------------------------
     0 | D:1      | July, the Formicid Fighter, began the quest for the Orb.
     0 | D:1      | Reached XP level 1. HP: 19/19 MP: 1/1
    41 | D:1      | Reached skill level 4 in Armour
    46 | D:1      | Reached XP level 2. HP: 6/24 MP: 2/2
   555 | D:1      | Reached XP level 3. HP: 28/28 MP: 3/3
   646 | D:1      | Reached skill level 5 in Armour
  1104 | D:2      | Reached XP level 4. HP: 14/33 MP: 4/4
  1639 | D:2      | Found a white marble altar of Elyvilon.
  2266 | D:3      | Reached XP level 5. HP: 31/37 MP: 5/5
  2405 | D:3      | Killed from afar by an orc priest

Action                   |  1- 3 |  4- 6 || total
-------------------------+-------+-------++-------
Melee: Short sword       |   141 |    65 ||   206
  Use: Potion            |       |     1 ||     1
